 Dungeon Crawl Stone Soup version 0.31-a0-237-g2d982f9f85 (webtiles) character file.

Game seed: 16575318184549355835

121 qw the Shooter (level 4, -4/37 HPs)
             Began as a Minotaur Hexslinger on July 10, 2023.
             Slain by a worm (7 damage)
             ... on level 3 of the Dungeon.
             The game lasted 00:00:44 (1891 turns).

qw the Shooter (Minotaur Hexslinger)                Turns: 1891, Time: 00:00:45

Health: -4/37      AC:  2    Str: 12    XL:     4   Next: 76%
Magic:  4/4        EV: 12    Int: 10    God:
Gold:   79         SH:  0    Dex: 15    Spells: 4/5 levels left

rFire   . . .        Y - +1 sling
rCold   . . .        (no shield)
rNeg    . . .        c - +0 robe
rPois   .            (helmet restricted)
rElec   .            (no cloak)
rCorr   .            (no gloves)
SInv    .            (no boots)
Will    .....        (no amulet)
Stlth   +            (no ring)
HPRegen 0.26/turn    (no ring)
MPRegen 0.09/turn

%: no passive effects
@: about to teleport
A: horns 2, retaliatory headbutt
a: no special abilities


You were on level 3 of the Dungeon.
You visited 1 branch of the dungeon, and saw 3 of its levels.

You collected 79 gold pieces.


Innate Abilities, Weirdness & Mutations

You have a pair of horns on your head.
You reflexively headbutt those who attack you in melee.


   Skills:
 + Level 2.6 Fighting
 - Level 5.0 Ranged Weapons
 - Level 2.1 Dodging
 - Level 1.0 Spellcasting
 - Level 2.0 Hexes


You had 4 spell levels left.
You knew the following spells:

 Your Spells              Type           Power      Damage    Failure   Level
a - Slow                  Hex            16%        N/A       16%         1

Your spell library contained the following spells:

 Spells                   Type           Power      Damage    Failure   Level
 Inner Flame              Hex/Fire       2%         N/A       56%         3
 Portal Projectile        Hex/Tloc       4%         N/A       56%         3
 Cause Fear               Hex            2%         N/A       83%         4

Inventory:

Hand Weapons
 Y - a +1 sling (weapon)
Armour
 c - a +0 robe (worn)
 g - a +0 leather armour
 h - a +0 ring mail
Scrolls
 a - a scroll of identify
 b - a scroll of fear {unknown}
Potions
 d - a potion of enlightenment
 f - a potion of might

Dungeon Overview and Level Annotations

Branches:
Dungeon (3/15)

Altars:

Shops:
D:1 *

Annotations:
D:2 1 runed translucent door, Crazy Yiuf
D:3 Grinder, Sigmund


Message History

A puff of flame appears from out of thin air!
The puff of flame misses you.
You shoot a sling bullet. The sling bullet hits Grinder!
Grinder is lightly wounded.
Something hits you.
You shoot a sling bullet. The sling bullet hits Grinder.
Grinder is moderately wounded.
Something hits you!
Grinder blinks!
You shoot a sling bullet. You shoot a sling bullet. Something hits you!
You shoot a sling bullet.
The sling bullet hits Grinder but does no damage.
Grinder is moderately wounded.
Something hits you but does no damage.
You shoot a sling bullet. Something hits you!
1884 ||| READING 2 scrolls of teleportation.
As you read the scroll of teleportation, it crumbles to dust.
You feel strangely unstable.
You shoot a sling bullet. Something hits you. Grinder gestures at you.
You shoot a sling bullet.
Your surroundings suddenly seem different.
A worm comes into view.
Autopickup is now on.
You shoot a sling bullet. The sling bullet hits the worm.
The worm is moderately wounded.
You shoot a sling bullet. The sling bullet hits the worm.
The worm is heavily wounded.
1889 ||| READING scroll of teleportation.
As you read the scroll of teleportation, it crumbles to dust.
You feel strangely unstable.
You shoot a sling bullet.
The sling bullet barely misses the worm.
You shoot a sling bullet. The sling bullet hits the worm.
The worm is severely wounded.
The worm bites you!
You die...

.## ....#
..#######{5....
#.#......#
#.#..)...#
#........#
##.......+
##.......#
.........#
#.######
..#......#
#...@..#
..#......#
#...w..#
###......#
#......#
##+#+###
+......#
#......#
#......#
#......#
#......#


You could see a worm.

Vanquished Creatures
  Terence (D:2)
  4 adders (D:2)
  3 worms (D:2)
  2 dart slugs (D:1)
  5 ball pythons
  7 bats
  4 endoplasms
  A giant cockroach (D:1)
  A goblin (D:1)
  5 hobgoblins
  9 kobolds
  2 quokkas (D:2)
  2 frilled lizards (D:2)
  4 rats
50 creatures vanquished.

Notes
Turn   | Place    | Note
-------+----------+-------------------------------------------
     0 | D:1      | qw the Minotaur Hexslinger began the quest for the Orb.
     0 | D:1      | Reached XP level 1. HP: 16/16 MP: 1/1
     0 | D:1      | 0 ||| qw: Version: 0.3-a-52-g30416fa
     0 | D:1      | 0 ||| qw: Game counter: 4995
     0 | D:1      | 0 ||| qw: Melee chars always use a shield: true
     0 | D:1      | 0 ||| qw: God list: Okawaru
     0 | D:1      | 0 ||| qw: Allow faded altars: false
     0 | D:1      | 0 ||| qw: Do Orc after clearing Dungeon:15 true
     0 | D:1      | 0 ||| qw: Do second Lair branch before Depths: true
     0 | D:1      | 0 ||| qw: Lair rune preference: random
     0 | D:1      | 0 ||| qw: Goals: Normal
     0 | D:1      | 0 ||| PLANNING D:1-11
    81 | D:1      | Found a faded altar of an unknown god.
   175 | D:1      | Reached skill level 3 in Ranged Weapons
   175 | D:1      | Reached XP level 2. HP: 23/23 MP: 2/2
   522 | D:1      | Found Vallou Egoog's General Store.
   532 | D:1      | 532 ||| SHOPLISTING +2 leather armour of positive energy
                  | (176 gold, have 10).
   532 | D:1      | 532 ||| SHOPLISTING potion of curing (33 gold, have 10).
   532 | D:1      | 532 ||| SHOPLISTING ring of positive energy (220 gold, have
                  | 10).
   724 | D:1      | Reached XP level 3. HP: 27/29 MP: 3/3
   765 | D:1      | 765 ||| READING 2 scrolls labelled MESILU BOBO.
   766 | D:1      | 766 ||| READING 2 scrolls labelled FILAYMNIZA.
   770 | D:1      | 770 ||| READING scroll labelled HORIYSK JUAPUUZI.
   771 | D:1      | 771 ||| DROPPING scroll of poison.
   886 | D:2      | Reached skill level 4 in Ranged Weapons
  1033 | D:2      | Reached XP level 4. HP: 30/36 MP: 4/4
  1165 | D:2      | Noticed Terence
  1173 | D:2      | Killed Terence
  1174 | D:2      | Reached skill level 5 in Ranged Weapons
  1622 | D:2      | Found a runed translucent door.
  1623 | D:2      | Noticed Crazy Yiuf
  1784 | D:2      | 1784 ||| DROPPING +6 ring of intelligence.
  1785 | D:2      | 1785 ||| READING scroll labelled DOFOIM NUBLIN.
  1786 | D:2      | 1786 ||| READING scroll labelled LEUCEZ PUEG.
  1787 | D:2      | 1787 ||| DRINKING 2 amethyst potions.
  1788 | D:2      | 1788 ||| READING 2 scrolls of identify.
  1788 | D:2      | 1788 ||| IDENTIFYING bubbling red potion
  1869 | D:3      | Noticed Sigmund
  1873 | D:3      | Noticed Grinder
  1873 | D:3      | Paralysed by Grinder for 4 turns
  1883 | D:3      | HP: 4/37 [something (11)]
  1884 | D:3      | 1884 ||| READING 2 scrolls of teleportation.
  1885 | D:3      | HP: 1/37 [something (3)]
  1889 | D:3      | 1889 ||| READING scroll of teleportation.
  1891 | D:3      | Slain by a worm

Levels and vault maps discovered:
D:1:      grunt_arrival_crossed_arrows, layout_loops_ring, serial_shops, shop,
          shapermc_ecumenical_altar_totnotflames, serial_aquarium,
          aquarium_bridge_straight [aquarium_subvault_bridge,
          aquarium_subvault_balcony, aquarium_subvault_bridge,
          aquarium_subvault_wall], aquarium_window_fake, aquarium_window_1,
          aquarium_window_3, aquarium_view_2c, aquarium_balcony_3a
D:2:      layout_basic, uniq_crazy_yiuf_cottage, uniq_terence
D:3:      layout_basic, uniq_robin, uniq_grinder, uniq_sigmund

Skill      XL: |  1  2  3  4 |
---------------+-------------+-----
Ranged Weapons | 3 4 5 |  5.0
Fighting       | 2 |  2.6
Dodging        | |  2.1
Spellcasting   | |  1.0
Hexes          | |  2.0

Action                     |  1- 3 |  4- 6 || total
---------------------------+-------+-------++-------
   Fire: Sling             |   103 |    85 ||   188
    Use: Scroll            |     3 |     5 ||     8
         Potion            |       |     1 ||     1
 Armour: Robe              |     6 |     6 ||    12
  Dodge: Dodged            |    19 |    19 ||    38

Table legend:
 A = Non-vault XP
 B = Vault XP
 C = Vault XP percentage of total XP
 D = Non-vault monster count
 E = Vault monster count
 F = Vault count percentage of total count
                 A         B        C        D         E       F
            +---------+---------+-------+---------+---------+-------
      Total |     141 |      32 |  18.5 |      49 |       1 |   2.0
            +---------+---------+-------+---------+---------+-------
        D:1 |      41 |       0 |   0.0 |      22 |       0 |   0.0
        D:2 |      93 |      32 |  25.6 |      23 |       1 |   4.2
        D:3 |       7 |       0 |   0.0 |       4 |       0 |   0.0
            +---------+---------+-------+---------+---------+-------
